 Dungeon Crawl Stone Soup version 0.20.0-10-g0535bb4 (webtiles) character file.

97 George the Chopper (level 4, 0/42 HPs)
             Began as a Deep Dwarf Fighter on June 7, 2017.
             Slain by a crocodile (15 damage)
             ... in a sewer.
             The game lasted 00:05:42 (1720 turns).

George the Chopper (Deep Dwarf Fighter)             Turns: 1720, Time: 00:05:43

Health: 0/42       AC:  9    Str: 20    XL:     4   Next: 42%
Magic:  4/4        EV:  5    Int:  9    God:
Gold:   85         SH:  9    Dex: 12    Spells: 3/3 levels left

rFire    . . .     SeeInvis .   m - +2 hand axe (vamp)
rCold    . . .     Gourm    .   c - +0 shield
rNeg     . . .     Faith    .   p - +0 chain mail
rPois    .         Spirit   .   (no helmet)
rElec    .         Reflect  .   (no cloak)
rCorr    .         Harm     .   (no gloves)
MR       .....                  (no boots)
Stlth    ..........             (no amulet)
Regen    0.0/turn               (no ring)
MPRegen  0.1/turn               (no ring)

@: non-regenerating
A: damage resistance, heal wounds, sense surroundings 1, no regeneration
a: Heal Wounds


You were in a sewer.
You were not hungry.

You visited 1 branch of the dungeon, and saw 3 of its levels.
You also visited: Sewer.

You collected 85 gold pieces.

Inventory:

Hand Weapons
 a - a +0 war axe
 m - a +2 vampiric hand axe (weapon)
Armour
 c - a +0 shield (worn)
 p - a +0 chain mail (worn)
Scrolls
 b - a scroll of remove curse {unknown}
 i - a scroll of blinking {unknown}
 j - 2 scrolls of teleportation {unknown}
 k - 2 scrolls of fog {unknown}
 r - a scroll of immolation {unknown}
Potions
 d - a potion of might
 e - a potion of agility
 l - 3 potions of curing
 n - a potion of lignification {unknown}
 o - 2 potions of berserk rage {unknown}
 q - a potion of brilliance {unknown}
Comestibles
 f - a bread ration
 h - a chunk of flesh


   Skills:
 + Level 3.1 Fighting
 * Level 4.0 Axes
 + Level 3.7 Armour
 + Level 3.8 Shields


You had 3 spell levels left.
You didn't know any spells.

Dungeon Overview and Level Annotations

Branches:
Dungeon (3/15)

Altars:
Dithmenos
Ru
Sif Muna
The Shining One


Innate Abilities, Weirdness & Mutations

You are resistant to damage.
You can heal yourself by infusing magical energy.
You passively map a small area around you.
You do not regenerate.


Message History

You slash the bat!
You kill the bat!
A crocodile comes into view.
You aren't carrying any items that you can evoke.
You eat the meat ration.
That meat ration really hit the spot!
Wield which item (- for none, * to show all)? (? for menu, Esc to quit)
Really wield
m - a vampiric hand axe?
You feel a dreadful hunger.
m - a +2 vampiric hand axe (weapon)
You barely miss the crocodile. The crocodile bites you.
You slash the crocodile!
You feel better.
The crocodile is moderately wounded.
You block the crocodile's attack.
You hit the crocodile.
You feel better.
The crocodile is moderately wounded.
The crocodile bites you! You block the crocodile's attack.
You hit the crocodile but do no damage.
The crocodile is moderately wounded.
The crocodile bites you!
You die...

* , . *
....############
*
......t@........
,....####.#######
* ., #.# #.# *
#.# #.# #.# ##.##
##...##


You could see a crocodile.

Vanquished Creatures
  4 adders (D:2)
  A worm (D:2)
  A dart slug (D:1)
  6 leopard geckos
  3 giant cockroaches (D:3)
  7 goblins
  2 hobgoblins
  4 jackals (D:2)
  8 bats
  7 frilled lizards
  4 kobolds
  6 rats
53 creatures vanquished.

Notes
Turn   | Place    | Note
-------+----------+-------------------------------------------
     0 | D:1      | George the Deep Dwarf Fighter began the quest for the Orb.
     0 | D:1      | Reached XP level 1. HP: 20/20 MP: 1/1
   213 | D:1      | Reached XP level 2. HP: 27/27 MP: 2/2
   592 | D:2      | Reached skill level 3 in Axes
   639 | D:2      | Reached XP level 3. HP: 26/33 MP: 3/3
   667 | D:2      | Found a sacrificial altar of Ru.
   999 | D:2      | Found a shadowy altar of Dithmenos.
  1214 | D:2      | Reached XP level 4. HP: 26/42 MP: 4/4
  1321 | D:2      | Found a glowing golden altar of the Shining One.
  1470 | D:2      | Found a deep blue altar of Sif Muna.
  1621 | D:3      | Found a glowing drain.
  1630 | D:3      | Reached skill level 4 in Axes
  1675 | Sewer    | Entered a sewer
  1711 | Sewer    | Noticed a crocodile
  1720 | Sewer    | Slain by a crocodile

Skill      XL: |  1  2  3  4 |
---------------+-------------+-----
Axes           | 3 4 |  4.0
Fighting       | 3 |  3.1
Armour         | |  3.7
Shields        | |  3.8

Action                   |  1- 3 |  4- 6 || total
-------------------------+-------+-------++-------
Melee: War axe           |   121 |    77 ||   198
       Hand axe          |       |     4 ||     4
  Use: Scroll            |     3 |       ||     3
  Eat: Chunk             |     1 |     2 ||     3
       Meat ration       |       |     1 ||     1
Armor: Scale mail        |    35 |       ||    35
       Chain mail        |     6 |    56 ||    62
Dodge: Dodged            |    23 |    19 ||    42
Block: Shield            |    66 |    49 ||   115
